 Dungeon Crawl Stone Soup version 0.25-a0-566-g062765be81 (webtiles) character file.

Game seed: 3058251243069573606, levelgen mode: classic

24 EnegeticOcto the Shield-Bearer (level 2, -1/28 HPs)
             Began as a Deep Dwarf Fighter on Feb 27, 2020.
             Slain by Sigmund
             ... wielding a +0 scythe
              (4 damage)
             ... on level 2 of the Dungeon.
             The game lasted 00:00:30 (413 turns).

EnegeticOcto the Shield-Bearer (Deep Dwarf Fighter)  Turns: 413, Time: 00:00:31

Health: -1/28      AC:  6    Str: 19    XL:     2   Next: 79%
Magic:  1/1        EV:  7    Int:  8    God:
Gold:   29         SH:  0    Dex: 12    Spells: 1/1 levels left

rFire    . . .     SeeInvis .   a - +0 war axe
rCold    . . .     Gourm    .   c - +0 kite shield
rNeg     . . .     Faith    .   b - +0 scale mail
rPois    .         Spirit   .   (no helmet)
rElec    .         Reflect  .   (no cloak)
rCorr    .         Harm     .   (no gloves)
MR       .....                  (no boots)
Stlth    ..........             (no amulet)
HPRegen  0.00/turn              (no ring)
MPRegen  0.07/turn              (no ring)

@: confused, non-regenerating
A: damage resistance, heal wounds, sense surroundings 1, no regeneration
a: Heal Wounds


You were on level 2 of the Dungeon.
You were not hungry.

You visited 1 branch of the dungeon, and saw 2 of its levels.

You collected 29 gold pieces.

Inventory:

Hand Weapons
 a - a +0 war axe (weapon)
Armour
 b - a +0 scale mail (worn)
 c - a +0 kite shield (worn)
Scrolls
 h - a scroll of random uselessness {unknown}
 j - a scroll of identify {unknown}
 l - a scroll of fog {unknown}
Potions
 f - 3 potions of magic
 g - 3 potions of curing {unknown}
 i - 2 potions of resistance {unknown}
 k - a potion of might {@q3}
Comestibles
 d - 7 chunks of flesh
 e - 2 rations


   Skills:
 * Level 3.1 Fighting
 * Level 2.7 Axes
 + Level 3.4 Armour
 + Level 0.5 Dodging
 + Level 3.4 Shields


You had one spell level left.
You didn't know any spells.
Your spell library was empty.

Dungeon Overview and Level Annotations

Branches:
Dungeon (2/15)

Altars:

Annotations:
D:2 Sigmund


Innate Abilities, Weirdness & Mutations

You are resistant to damage.
You can heal yourself by infusing magical energy.
You passively map a small area around you.
You do not regenerate.


Message History

You butcher the bat corpse.
d - a chunk of flesh You see here a bat skeleton. x2
f - 4 dark potions (gained 1)
You enter the shallow water.
Moving in this stuff is going to be slow.
You butcher the quokka corpse.
You hear a splash.
d - 2 chunks of flesh (gained 1)
You see here a quokka skeleton. x2
Found 24 bolts.
You see here a bat corpse.
You butcher the bat corpse.
d - 3 chunks of flesh (gained 1)
You see here a bat skeleton. x2
You enter the shallow water.
Moving in this stuff is going to be slow.
You see here a quokka skeleton.
You butcher the giant cockroach corpse.
d - 5 chunks of flesh (gained 2)
You enter the shallow water.
Moving in this stuff is going to be slow.
You butcher the giant cockroach corpse.
d - 7 chunks of flesh (gained 2) Sigmund the Dreaded comes into view.
He is wielding a +0 scythe.
Sigmund shouts!
Sigmund hits you but does no damage.
Sigmund is nearby!
You hit Sigmund.
Sigmund is lightly wounded.
Sigmund mumbles some strange words.
Sigmund flickers and vanishes!
Deactivating autopickup; reactivate with Ctrl-A.
There is a strange disturbance nearby!
No target in view!
No target in view!
No target in view!
No target in view!
No target in view!
No target in view!
No target in view!
No target in view!
No target in view!
No target in view!
No target in view!
You closely miss something.
You hear some strange, mumbled words.
You are confused.
You hear some strange, mumbled words.
You are more confused.
Found a scroll labeled BUTUNI NERPH.
You bump into the rock wall.
Something hits you but does no damage. Something hits you but does no damage.
You bump into the rock wall.
You bump into the rock wall.
A magic dart appears from out of thin air!
The magic dart hits you.
You bump into the rock wall.
Something hits you! Something hits you but does no damage.
You're too confused!
You're too confused!
You're too confused to move!
Something hits you.
* * * LOW HITPOINT WARNING * * *
You bump into the rock wall.
Something hits you but does no damage.
You feel less confused.
Your magical essence is drained by the effort!
You feel much better. Something hits you.
You feel much better.
You hear some strange, mumbled words.
You are confused.
You are too confused!
You are too confused!
You are too confused!
You are too confused!
You are too confused!
You are too confused!
You are too confused!
Something hits you.
You completely miss something. Something hits you.
You bump into the rock wall.
Something hits you but does no damage.
You feel less confused.
You hear some strange, mumbled words.
A puff of flame appears from out of thin air!
The puff of flame hits you. Something hits you.
You closely miss something. Something hits you!
You slash something! Something hits you!
* * * LOW HITPOINT WARNING * * *
You hit something.
You hear some strange, mumbled words.
You are confused.
You're too confused!
You're too confused!
You're too confused!
You're too confused!
Something hits you.
* * * LOW HITPOINT WARNING * * *
It was a potion of magic.
Magic courses through your body. Something hits you.
You die...

.............♣≈≈≈≈≈...
≈
≈≈≈P≈P≈PP♣....≈≈≈≈≈≈.##
≈≈≈P≈P≈P≈....(.≈≈≈≈≈.#
*
≈♣≈≈≈P≈≈♣......≈≈≈≈P≈P#
* #♣≈≈≈♣.......≈.≈.♣≈.#
* *
............#..P♣≈(P..,
, ..........####..PP,
..........#######. . ,
.........^..@#### .?.
,..........##.{..#.....
≈
#......................
,
#.#############.#####PP
≈ #..#≈ , ##.PP .PP≈ ≈
≈ *.≈≈≈♣ * * , * .PP≈≈≈
*


There were no monsters in sight!

Vanquished Creatures
  A dart slug (D:1)
  4 giant cockroaches
  2 goblins
  2 hobgoblins (D:1)
  2 quokkas (D:2)
  3 bats (D:2)
  A frilled lizard (D:2)
  2 kobolds (D:1)
  4 rats
21 creatures vanquished.

Notes
Turn   | Place    | Note
-------+----------+-------------------------------------------
     0 | D:1      | EnegeticOcto the Deep Dwarf Fighter began the quest for the
                  | Orb.
     0 | D:1      | Reached XP level 1. HP: 20/20 MP: 1/1
    29 | D:1      | Reached XP level 2. HP: 21/27 MP: 2/2
   384 | D:2      | Noticed Sigmund
   413 | D:2      | Slain by Sigmund

Levels and vault maps discovered:
D:1:      eino_arrival_water_star, layout_basic
D:2:      minmay_chambers_of_twos, layout_rooms, serial_bayou,
          serial_bayou_crossing, serial_bayou_pond_b, serial_bayou_lagoon_b,
          serial_bayou_lagoon_a, serial_bayou_pond_e, serial_bayou_ford_a,
          uniq_sigmund, uniq_crazy_yiuf_cottage, uniq_terence

Skill      XL: |  1  2 |
---------------+-------+-----
Fighting       | 3 |  3.1
Axes           | |  2.7
Armour         | |  3.4
Dodging        | |  0.5
Shields        | |  3.4

Action                   || total
-------------------------++-------
Melee: War axe           ||    59
 Abil: Heal Wounds       ||     2
  Use: Potion            ||     1
Armor: Scale mail        ||    52
Dodge: Dodged            ||    29
Block: Kite shield       ||    35

Table legend:
 A = Non-vault XP
 B = Vault XP
 C = Vault XP percentage of total XP
 D = Non-vault monster count
 E = Vault monster count
 F = Vault count percentage of total count
                 A         B        C        D         E       F
            +---------+---------+-------+---------+---------+-------
      Total |      31 |       4 |  11.4 |      18 |       3 |  14.3
            +---------+---------+-------+---------+---------+-------
        D:1 |      19 |       0 |   0.0 |      11 |       0 |   0.0
        D:2 |      12 |       4 |  25.0 |       7 |       3 |  30.0
            +---------+---------+-------+---------+---------+-------
